PBL
TEXAS RANGERS @ NEW YORK METS
07/13/2071
 
TOP OF THE 1ST
Texas Rangers batting - Pitching for New York Mets : RHP James Reeves
Pitching: RHP James Reeves
Batting: LHB Claudio Valenzuela 0-0: Ball
1-0: SINGLE (Line Drive, 4MD, EV 103.1 MPH)
Batting: SHB Cary Mench 0-0: Called Strike
0-1: Ball
1-1: Grounds into double play, 6-4-3 (Groundball, 6, EV 101.9 MPH)
Batting: LHB Noburo Oike 0-0: Called Strike
0-1: Foul Ball, location: 3F
0-2: Fly out, F8 (Flyball, 78M, EV 90.6 MPH)
Top of the 1st over - 0 runs, 1 hit, 0 errors, 0 left on base; Texas 0 - New York 0
BOTTOM OF THE 1ST
New York Mets batting - Pitching for Texas Rangers : RHP Francisco Martínez
Pitching: RHP Francisco Martínez
Batting: LHB Wilfred Miller 0-0: Ball
1-0: SINGLE (Line Drive, 6MD, EV 101.3 MPH)
Batting: RHB Yoriyuki Iwata 0-0: Foul Ball, location: 3SF
0-1: Ball
1-1: Called Strike
1-2: Foul Ball, location: 5F
1-2: Grounds into double play, 6-4-3 (Groundball, 6, EV 85.0 MPH)
Batting: RHB Rich Stairs 0-0: Called Strike
0-1: Ball
1-1: Ground out 6-3 (Groundball, 56, EV 85.0 MPH)
Bottom of the 1st over - 0 runs, 1 hit, 0 errors, 0 left on base; Texas 0 - New York 0
TOP OF THE 2ND
Texas Rangers batting - Pitching for New York Mets : RHP James Reeves
Batting: LHB Michael Gutiérrez 0-0: Called Strike
0-1: Fly out, F7 (Flyball, 7, EV 92.5 MPH)
Batting: LHB Ben Williamson 0-0: Ball
1-0: Foul Ball, location: 7LDF
1-1: Foul Ball, location: 2F
1-2: Strikes out looking
Batting: LHB Dave Baker 0-0: Swinging Strike
0-1: Ball
1-1: Ball
2-1: Swinging Strike
2-2: Foul Ball, location: 9LSF
2-2: Ball
3-2: Fly out, F8 (Flyball, 8LD, EV 108.1 MPH)
Top of the 2nd over - 0 runs, 0 hits, 0 errors, 0 left on base; Texas 0 - New York 0
BOTTOM OF THE 2ND
New York Mets batting - Pitching for Texas Rangers : RHP Francisco Martínez
Batting: LHB Bob Mack 0-0: Called Strike
0-1: Called Strike
0-2: Ground out 6-3 (Groundball, 4M, EV 81.9 MPH)
Batting: LHB Pablo Sánchez 0-0: Ball
1-0: Ball
2-0: SOLO HOME RUN (Flyball, 89XD, EV 105.0 MPH), Distance : 415 ft
Batting: LHB Gustavo Costello 0-0: Ground out 6-3 (Groundball, 6, EV 95.6 MPH)
Batting: RHB Jack McConnell 0-0: Called Strike
0-1: Ball
1-1: Ball
2-1: Ball
3-1: Foul Ball, location: 2F
3-2: Foul Ball, location: 3F
3-2: Foul Ball, location: 9LMF
3-2: Fly out, F7 (Line Drive, 7, EV 95.0 MPH)
Bottom of the 2nd over - 1 run, 1 hit, 0 errors, 0 left on base; Texas 0 - New York 1
TOP OF THE 3RD
Texas Rangers batting - Pitching for New York Mets : RHP James Reeves
Batting: RHB Alberto Morales 0-0: Foul Ball, location: 9LDF
0-1: Ball
1-1: Ball
2-1: Ball
3-1: Called Strike
3-2: Base on Balls
Batting: LHB Todd O'Higgins 0-0: Ball
1-0: Ball
2-0: Ball
3-0: Base on Balls
Alberto Morales to second
Batting: LHB Ken'ichi Matsuura 0-0: Ball
1-0: Foul Ball, location: 5FF
1-1: Ball
2-1: TRIPLE (Line Drive, 89XD, EV 105.6 MPH)
Alberto Morales scores
Todd O'Higgins scores
Batting: LHB Claudio Valenzuela 0-0: Foul Ball, location: 3F
0-1: Ball
1-1: Ball
2-1: Ball
3-1: Foul Ball, location: 2F
3-2: Foul Ball, location: 25F
3-2: SINGLE (Groundball, P, EV 83.8 MPH) (infield hit)
Ken'ichi Matsuura scores
Batting: SHB Cary Mench 0-0: Ball
1-0: Foul Ball, location: 5F
1-1: Ball
2-1: Ball
3-1: Base on Balls
Claudio Valenzuela to second
Batting: LHB Noburo Oike 0-0: Ball
1-0: Called Strike
1-1: Ball
2-1: Swinging Strike
2-2: Foul Ball, location: 3SF
2-2: Ball
3-2: Base on Balls
Claudio Valenzuela to third
Cary Mench to second
Batting: LHB Michael Gutiérrez 0-0: Called Strike
0-1: Ball
1-1: Called Strike
1-2: Fielders Choice at 2nd, 3-6 (Groundball, 34, EV 82.5 MPH)
Claudio Valenzuela scores
Cary Mench to third
Batting: LHB Ben Williamson 0-0: Called Strike
0-1: Ball
1-1: Ball
2-1: Ball
3-1: Base on Balls
Michael Gutiérrez to second
Batting: LHB Dave Baker 0-0: Called Strike
0-1: Ball
1-1: SINGLE (Line Drive, 34D, EV 100.0 MPH)
Cary Mench scores
Michael Gutiérrez to third
Ben Williamson to second
Runner from 3rd tries for Home, SAFE, throw by RF to home
Pitching: LHP Darwin Bennett
Batting: RHB Alberto Morales 0-0: Ball
1-0: 3-RUN HOME RUN (Flyball, 78XD, EV 110.6 MPH), Distance : 416 ft
Batting: LHB Todd O'Higgins 0-0: Fly out, F8 (Line Drive, 89M, EV 100.6 MPH)
Batting: LHB Ken'ichi Matsuura 0-0: Ball
1-0: Ball
2-0: Ball
3-0: Called Strike
3-1: DOUBLE (Line Drive, 9LS, EV 108.8 MPH)
Batting: LHB Claudio Valenzuela 0-0: Ball
1-0: Fly out, F8 (Flyball, 78M, EV 86.9 MPH)
Top of the 3rd over - 9 runs, 5 hits, 0 errors, 1 left on base; Texas 9 - New York 1
BOTTOM OF THE 3RD
New York Mets batting - Pitching for Texas Rangers : RHP Francisco Martínez
Batting: RHB Jerome Morales 0-0: Ball
1-0: SINGLE (Flyball, 9S, EV 90.6 MPH)
Batting: RHB José Ramírez 0-0: Called Strike
0-1: Ball
1-1: Called Strike
1-2: Strikes out swinging
Batting: LHB Wilfred Miller 0-0: Called Strike
0-1: Ball
1-1: SINGLE (Line Drive, 9S, EV 90.0 MPH)
Jerome Morales to second
Batting: RHB Yoriyuki Iwata 0-0: Swinging Strike
0-1: Foul Ball, location: 2F
0-2: Ball
1-2: Strikes out swinging
Batting: RHB Rich Stairs 0-0: Ball
1-0: Ball
2-0: Ball
3-0: Called Strike
3-1: SINGLE (Groundball, 56S, EV 61.9 MPH) (infield hit)
Jerome Morales to third
Wilfred Miller to second
Batting: LHB Bob Mack 0-0: Called Strike
0-1: Called Strike
0-2: Ball
1-2: Foul Ball, location: 3F
1-2: Strikes out looking
Bottom of the 3rd over - 0 runs, 3 hits, 0 errors, 3 left on base; Texas 9 - New York 1
TOP OF THE 4TH
Texas Rangers batting - Pitching for New York Mets : LHP Darwin Bennett
Batting: SHB Cary Mench 0-0: Called Strike
0-1: Swinging Strike
0-2: Ground out 6-3 (Groundball, 6, EV 91.9 MPH)
Batting: LHB Noburo Oike 0-0: Called Strike
0-1: Called Strike
0-2: Foul Ball, location: 23FF
0-2: Ball
1-2: Ball
2-2: Fly out, F3 (Popup, 3SF, EV 80.0 MPH)
Batting: LHB Michael Gutiérrez 0-0: Swinging Strike
0-1: Ball
1-1: Called Strike
1-2: Ball
2-2: Fly out, F5 (Popup, 56, EV 75.0 MPH)
Top of the 4th over - 0 runs, 0 hits, 0 errors, 0 left on base; Texas 9 - New York 1
BOTTOM OF THE 4TH
New York Mets batting - Pitching for Texas Rangers : RHP Francisco Martínez
Batting: LHB Pablo Sánchez 0-0: Foul Ball, location: 2F
0-1: Ball
1-1: Foul Ball, location: 5SF
1-2: Strikes out looking
Batting: LHB Gustavo Costello 0-0: Called Strike
0-1: Swinging Strike
0-2: Foul Ball, location: 3F
0-2: Ball
1-2: Strikes out looking
Batting: RHB Jack McConnell 0-0: Called Strike
0-1: Ball
1-1: Ball
2-1: Called Strike
2-2: Strikes out swinging
Bottom of the 4th over - 0 runs, 0 hits, 0 errors, 0 left on base; Texas 9 - New York 1
TOP OF THE 5TH
Texas Rangers batting - Pitching for New York Mets : LHP Darwin Bennett
Batting: LHB Ben Williamson 0-0: Foul Ball, location: 5FF
0-1: Ball
1-1: Ground out 3-1 (Groundball, 34, EV 97.5 MPH)
Batting: LHB Dave Baker 0-0: Called Strike
0-1: Ball
1-1: Ball
2-1: Called Strike
2-2: Strikes out swinging
Batting: RHB Alberto Morales 0-0: Swinging Strike
0-1: Ground out 3-1 (Groundball, 34S, EV 81.9 MPH)
Top of the 5th over - 0 runs, 0 hits, 0 errors, 0 left on base; Texas 9 - New York 1
BOTTOM OF THE 5TH
New York Mets batting - Pitching for Texas Rangers : RHP Francisco Martínez
Batting: RHB Jerome Morales 0-0: Called Strike
0-1: Called Strike
0-2: Strikes out swinging
Batting: RHB José Ramírez 0-0: Ball
1-0: Ball
2-0: Foul Ball, location: 9LDF
2-1: Fly out, F9 (Flyball, 9D, EV 98.1 MPH)
Batting: LHB Wilfred Miller 0-0: Ball
1-0: Swinging Strike
1-1: Swinging Strike
1-2: Ball
2-2: Strikes out swinging
Bottom of the 5th over - 0 runs, 0 hits, 0 errors, 0 left on base; Texas 9 - New York 1
TOP OF THE 6TH
Texas Rangers batting - Pitching for New York Mets : LHP Darwin Bennett
Batting: LHB Todd O'Higgins 0-0: Called Strike
0-1: Ball
1-1: Foul Ball, location: 2F
1-2: Ball
2-2: Foul Ball, location: 7LMF
2-2: Foul Ball, location: 2F
2-2: Strikes out looking
Batting: LHB Ken'ichi Matsuura 0-0: Ball
1-0: Ball
2-0: Called Strike
2-1: Ball
3-1: Swinging Strike
3-2: Ground out 6-3 (Groundball, 6, EV 78.1 MPH)
Batting: LHB Claudio Valenzuela 0-0: Ball
1-0: Called Strike
1-1: Ball
2-1: SINGLE (Line Drive, 89S, EV 102.5 MPH)
Batting: SHB Cary Mench 0-0: Ball
1-0: Called Strike
1-1: Swinging Strike
1-2: Strikes out swinging
Top of the 6th over - 0 runs, 1 hit, 0 errors, 1 left on base; Texas 9 - New York 1
BOTTOM OF THE 6TH
New York Mets batting - Pitching for Texas Rangers : RHP Francisco Martínez
Batting: RHB Yoriyuki Iwata 0-0: Foul Ball, location: 9LSF
0-1: Foul Ball, location: 9LDF
0-2: Ball
1-2: Ball
2-2: Ground out 6-3 (Groundball, 6, EV 85.0 MPH)
Batting: RHB Rich Stairs 0-0: Called Strike
0-1: Ball
1-1: Swinging Strike
1-2: Foul Ball, location: 25FF
1-2: Ball
2-2: Foul Ball, location: 5FF
2-2: Ball
3-2: Fly out, F8 (Line Drive, 8LM, EV 96.9 MPH)
Batting: LHB Bob Mack 0-0: Ground out U3 (Groundball, 3, EV 106.3 MPH)
Bottom of the 6th over - 0 runs, 0 hits, 0 errors, 0 left on base; Texas 9 - New York 1
TOP OF THE 7TH
Texas Rangers batting - Pitching for New York Mets : LHP Darwin Bennett
Pitching: RHP Tom Jenkins
Batting: LHB Noburo Oike 0-0: Called Strike
0-1: Ball
1-1: Ball
2-1: Called Strike
2-2: Fly out, F8 (Flyball, 78D, EV 111.3 MPH)
Batting: LHB Michael Gutiérrez 0-0: Foul Ball, location: 7LSF
0-1: Ball
1-1: Ground out 4-3 (Groundball, 34D, EV 93.1 MPH)
Batting: LHB Ben Williamson 0-0: Ball
1-0: Foul Ball, location: 2F
1-1: SOLO HOME RUN (Flyball, 9D, EV 102.5 MPH), Distance : 404 ft
Batting: LHB Dave Baker 0-0: Foul Ball, location: 23FF
0-1: Ball
1-1: Ball
2-1: Ground out 4-3 (Groundball, 34, EV 86.3 MPH)
Top of the 7th over - 1 run, 1 hit, 0 errors, 0 left on base; Texas 10 - New York 1
BOTTOM OF THE 7TH
New York Mets batting - Pitching for Texas Rangers : RHP Francisco Martínez
Batting: LHB Pablo Sánchez 0-0: Foul Ball, location: 9LSFF
0-1: Swinging Strike
0-2: Foul Ball, location: 3F
0-2: SINGLE (Line Drive, 5D, EV 103.8 MPH)
Batting: LHB Gustavo Costello 0-0: DOUBLE (Groundball, 3L, EV 98.1 MPH)
Pablo Sánchez to third
Batting: RHB Jack McConnell 0-0: Ball
1-0: Ball
2-0: Ground out 6-3 (Groundball, 6, EV 81.9 MPH)
Pitching: LHP Toby Bannatyne
Batting: RHB Jerome Morales 0-0: SINGLE (Line Drive, 34, EV 98.1 MPH)
Pablo Sánchez scores
Gustavo Costello to third
Runner from 3rd tries for Home, SAFE, throw by RF to home
Batting: RHB José Ramírez 0-0: Ball
1-0: Ball
2-0: SINGLE (Groundball, 34D, EV 99.4 MPH)
Jerome Morales to second
Pinch Hitting: RHB Ricardo Cantú 0-0: Ball
1-0: Ball
2-0: Called Strike
2-1: Foul Ball, location: 7LSF
2-2: Foul Ball, location: 23FF
2-2: Fly out, F3 (Popup, 3SF, EV 80.0 MPH)
Batting: RHB Yoriyuki Iwata 0-0: Ground out 5-3 (Groundball, 56S, EV 82.5 MPH)
Bottom of the 7th over - 2 runs, 4 hits, 0 errors, 2 left on base; Texas 10 - New York 3
TOP OF THE 8TH
Texas Rangers batting - Pitching for New York Mets : RHP Tom Jenkins
Now in LF: Ricardo Cantú
Batting: RHB Alberto Morales 0-0: Ball
1-0: Foul Ball, location: 9LSF
1-1: Ball
2-1: Called Strike
2-2: Ball
3-2: Foul Ball, location: 3SF
3-2: Base on Balls
Batting: LHB Todd O'Higgins 0-0: Grounds into double play, 3-6-1 (Groundball, 34, EV 78.1 MPH)
Batting: LHB Ken'ichi Matsuura 0-0: Called Strike
0-1: Foul Ball, location: 7LDF
0-2: Strikes out swinging
Top of the 8th over - 0 runs, 0 hits, 0 errors, 0 left on base; Texas 10 - New York 3
BOTTOM OF THE 8TH
New York Mets batting - Pitching for Texas Rangers : LHP Toby Bannatyne
Pinch Hitting: RHB Howard Williams 0-0: Called Strike
0-1: Called Strike
0-2: Ground out 5-3 (Groundball, 56S, EV 100.6 MPH)
Pinch Hitting: RHB Troy Day 0-0: Ground out 5-3 (Groundball, 5L, EV 98.8 MPH)
Batting: LHB Pablo Sánchez 0-0: Foul Ball, location: 2F
0-1: Called Strike
0-2: Ball
1-2: Strikes out swinging
Bottom of the 8th over - 0 runs, 0 hits, 0 errors, 0 left on base; Texas 10 - New York 3
TOP OF THE 9TH
Texas Rangers batting - Pitching for New York Mets : RHP Tom Jenkins
Now at 1B: David López
Now in RF: Troy Day
Batting: LHB Claudio Valenzuela 0-0: Foul Ball, location: 3F
0-1: Foul Ball, location: 9LMF
0-2: Ball
1-2: Strikes out swinging
Batting: SHB Cary Mench 0-0: Foul Ball, location: 5SF
0-1: Foul Ball, location: 2F
0-2: Strikes out swinging
Batting: LHB Noburo Oike 0-0: Foul Ball, location: 5F
0-1: Ground out 4-3 (Groundball, 4, EV 77.5 MPH)
Top of the 9th over - 0 runs, 0 hits, 0 errors, 0 left on base; Texas 10 - New York 3
BOTTOM OF THE 9TH
New York Mets batting - Pitching for Texas Rangers : LHP Toby Bannatyne
Batting: LHB Gustavo Costello 0-0: Fly out, F6 (Popup, 6D, EV 70.0 MPH)
Batting: RHB Jack McConnell 0-0: Called Strike
0-1: Fly out, F7 (Line Drive, 7, EV 111.3 MPH)
Batting: RHB Jerome Morales 0-0: Ground out 6-3 (Groundball, 6, EV 83.1 MPH)
Bottom of the 9th over - 0 runs, 0 hits, 0 errors, 0 left on base; Texas 10 - New York 3
Wednesday, May 1st , 2024 - OOTP Baseball 24.10 Build 82